Map: Zen LE

Players

llllllllllll - Winner!

  • Race: Terran Terran
  • Spawn Location: 1:00

calbearkevin

  • Race: Zerg Zerg
  • League: Diamond
  • Spawn Location: 7:00

VOD

Have the link to the VOD?

Description

Time

  • Played on: Dec. 8, 2019, 1:53 a.m.
  • Length: 10:06
Show
View Real Time Build Order
Export as new Build Order

llllllllllll Terran - Winner!

Build Orders: Liberator Opening, Reaper Expand 

Get SALT Encoding   

  12  0:01  SCV  
  13  0:13  SCV  
  14  0:17  Supply Depot  
  14  0:25  SCV  
  15  0:39  SCV  
  15  0:40  Barracks  
  16  0:48  Refinery  
  16  0:51  SCV  
  17  1:03  SCV  
  18  1:15  SCV  
  19  1:28  Orbital Command  
  19  1:31  Reaper  
  20  1:41  Command Center  
  20  1:50  Supply Depot  
  20  1:53  SCV  
  21  2:05  Marine, SCV  
  23  2:14  Factory  
  23  2:16  Refinery  
  23  2:17  SCV  
  24  2:27  Barracks Reactor  
  24  2:29  SCV  
  25  2:41  SCV  
  26  2:53  Orbital Command  
  26  2:54  SCV  
  27  3:01  Starport  
  27  3:06  SCV  
  27  3:09  Hellion x2  
  32  3:18  SCV  
  32  3:19  SCV  
  34  3:21  Liberator  
  34  3:27  Supply Depot  
  34  3:30  SCV  
  34  3:31  Hellion x2, SCV  
  43  3:42  SCV  
  43  3:43  SCV  
  45  3:52  Supply Depot  
  45  3:54  Hellion x2, SCV  
  51  3:55  SCV  
  51  4:12  Command Center  
  51  4:13  SCV x2  
  51  4:16  Barracks Tech Lab  
  53  4:21  Barracks  
  53  4:22  Factory Reactor  
  53  4:25  SCV  
  53  4:27  Barracks  
  53  4:28  SCV  
  55  4:34  Stimpack  
  55  4:35  Marine, Starport Reactor  
  55  4:37  SCV  
  57  4:45  SCV  
  56  4:58  SCV x2  
  56  4:59  Marine  
  52  5:11  SCV x2  
  52  5:13  Refinery  
  50  5:14  Refinery  
  50  5:15  Engineering Bay x2  
  50  5:16  Medivac x2  
  54  5:22  Factory Tech Lab  
  54  5:23  SCV  
  54  5:24  Marine, SCV  
  54  5:27  Marine x4  
  61  5:28  Orbital Command  
  61  5:35  SCV  
  61  5:36  SCV, Supply Depot  
  61  5:42  Marine  
  60  5:43  Terran Infantry Weapons Level 1, Terran Infantry Armor Level 1  
  60  5:45  Marine x2, Siege Tank  
  60  5:46  Marine  
  60  5:47  Marine  
  60  5:48  SCV  
  69  5:50  SCV  
  69  5:52  Supply Depot  
  69  5:57  Orbital Command  
  70  6:00  Marine, SCV  
  70  6:02  Marine, Medivac x2  
  70  6:03  Marine  
  78  6:04  Marine  
  78  6:06  SCV  
  80  6:12  SCV  
  80  6:18  Marine, SCV, Barracks, Siege Tank  
  85  6:19  Barracks  
  85  6:24  SCV  
  87  6:28  SCV  
  87  6:30  SCV  
  89  6:36  SCV  
  89  6:37  Supply Depot  
  89  6:38  Combat Shield, Supply Depot  
  89  6:39  Marine x3  
  91  6:46  Supply Depot  
  93  6:47  Supply Depot  
  93  6:49  Supply Depot  
  93  6:55  Supply Depot  
  93  6:57  Supply Depot  
  93  6:59  Marine x2, SCV, Medivac x2  
  98  7:18  Marine x2  
  98  7:19  Marine, Barracks Reactor x2  
  98  7:20  SCV x2  
  98  7:22  Marine x2  
  105  7:23  Siege Tank  
  105  7:24  Command Center  
  105  7:29  Factory  
  108  7:36  Marine x3  
  108  7:40  Marine x2, SCV  
  108  7:41  SCV  
  109  7:52  SCV  
  109  7:53  SCV  
  109  7:54  Marine x3  
  109  7:56  SCV  
  109  7:57  Marine  
  109  7:58  Marine x5  
  121  7:59  Barracks, Refinery  
  121  8:00  Refinery  
  121  8:01  Barracks  
  121  8:02  Barracks  
  121  8:04  SCV  
  121  8:12  Marine x3  
  116  8:15  Marine x2  
  116  8:16  Marine x3  
  122  8:21  Medivac x2, Siege Tank  
  122  8:25  SCV x3  
  127  8:28  Supply Depot x2  
  127  8:29  Marine  
  127  8:30  Marine x2  
  127  8:34  Barracks Reactor  
  129  8:37  Marine x5  
  129  8:38  SCV x3  
  135  8:47  Marine x2  
  137  8:51  Marine, Medivac x2  
  137  8:55  Marine x3, SCV x2  
  147  8:57  Barracks Tech Lab x2  
  147  9:02  Armory  
  147  9:13  Marine x4  
  147  9:14  Marine x3  
  147  9:16  Siege Tank  
  157  9:17  Siege Tank  
  157  9:18  Marine x3, Marauder x2  
  167  9:40  Marine x5  
  167  9:41  Marine, Marauder x2  
Show
View Real Time Build Order
Export as new Build Order

calbearkevin Zerg 

Build Orders: Hatch First 

Get SALT Encoding   

  12  0:01  Drone  
  13  0:08  Drone  
  14  0:15  Extractor  
  14  0:16  Drone  
  15  0:23  Overlord  
  15  0:47  Hatchery  
  15  0:50  Drone  
  15  0:53  Drone  
  15  0:57  Drone  
  17  1:12  Spawning Pool  
  17  1:15  Drone  
  17  1:20  Drone  
  17  1:24  Drone  
  19  1:33  Drone  
  20  1:44  Drone  
  21  1:59  Queen x2  
  21  2:01  Overlord  
  25  2:17  Hatchery  
  25  2:20  Drone  
  25  2:22  Drone  
  26  2:25  Drone  
  26  2:28  Spore Crawler  
  26  2:51  Drone  
  27  2:53  Hatchery  
  26  3:00  Queen  
  26  3:03  Drone x2  
  30  3:12  Drone x4  
  34  3:26  Queen  
  36  3:27  Overlord  
  36  3:31  Extractor  
  36  3:33  Drone x2  
  36  3:34  Drone x2  
  39  3:45  Queen  
  39  3:46  Overlord  
  39  3:47  Drone  
  39  3:48  Drone  
  43  3:57  Extractor  
  42  4:06  Drone  
  42  4:07  Drone x2  
  45  4:20  Evolution Chamber  
  45  4:21  Drone, Roach Warren  
  45  4:22  Drone x3  
  45  4:23  Evolution Chamber  
  46  4:29  Extractor  
  46  4:30  Extractor, Drone x6  
  46  4:31  Drone  
  51  4:38  Queen  
  51  4:42  Queen  
  55  4:54  Queen  
  43  5:11  Drone  
  43  5:12  Drone x13  
  45  5:41  Drone x3  
  45  5:42  Drone x7  
  55  5:53  Extractor  
  55  5:54  Spine Crawler  
  55  5:55  Extractor, Drone x2  
  54  6:08  Lair  
  54  6:14  Drone x4  
  54  6:15  Drone x5  
  63  6:23  Zerg Ground Armor Level 1  
  63  6:24  Zerg Missile Weapons Level 1  
  63  6:29  Overlord x2  
  63  6:35  Overlord  
  63  6:37  Spore Crawler  
  62  6:44  Roach, Overlord  
  64  6:51  Drone x3  
  64  6:52  Drone x4  
  71  6:59  Roach  
  71  7:00  Roach x6  
  78  7:19  Roach x4  
  78  7:20  Roach x3  
  90  7:36  Ravager  
  84  7:48  Drone x9  
  84  7:49  Drone  
  88  7:57  Drone x3  
  81  8:17  Roach x2  
  81  8:18  Overlord x2  
  75  8:49  Drone x3  
  75  8:50  Drone x6  
  75  8:51  Drone x3  
  87  9:09  Extractor  
  86  9:11  Extractor, Drone x4  
  86  9:12  Drone x4  
  86  9:13  Hydralisk Den  
  92  9:17  Ravager  
  92  9:18  Overlord  
  91  9:32  Roach x2  
  91  9:33  Roach x5  
Tags
 
Add a new tag
Caveats
  • Supply blocks, unpowered buildings, or Contaminate may cause inaccurate times.
  • Supply counts are checked every 10 seconds.